Map: Newkirk Precinct TE (Void)

Players

DarKicE - Winner!

  • Race: Terran Terran
  • League: Grandmaster
  • Spawn Location: 7:00

SaitoAsuka

  • Race: Zerg Zerg
  • League: Master
  • Spawn Location: 5:00

VOD

Have the link to the VOD?

Description

Time

  • Played on: March 9, 2017, 7:56 p.m.
  • Length: 9:45
Show
View Real Time Build Order
Export as new Build Order

DarKicE Terran - Winner!

Build Orders: Reaper Expand, MMM Bio 

Get SALT Encoding   

  12  0:00  SCV  
  13  0:12  SCV  
  14  0:17  Supply Depot  
  14  0:25  SCV  
  15  0:39  SCV  
  15  0:41  Barracks  
  16  0:44  Refinery  
  16  0:51  SCV  
  17  1:03  SCV  
  18  1:17  SCV  
  19  1:28  Reaper  
  19  1:29  Orbital Command  
  20  1:42  Command Center  
  20  1:54  Barracks  
  20  1:57  SCV  
  20  2:00  Barracks Reactor  
  21  2:06  Supply Depot  
  21  2:10  SCV  
  21  2:14  Refinery  
  22  2:22  SCV  
  23  2:29  Factory  
  23  2:34  SCV  
  24  2:40  Marine  
  24  2:41  Marine  
  24  2:42  Barracks Tech Lab  
  26  2:46  SCV  
  27  2:55  Orbital Command  
  27  2:59  SCV  
  27  3:03  Stimpack  
  28  3:07  Marine x2  
  28  3:08  Marine  
  28  3:12  SCV  
  32  3:22  Starport  
  32  3:24  Factory Reactor  
  32  3:25  SCV  
  33  3:29  Marine x2  
  33  3:31  Marine  
  36  3:35  SCV  
  36  3:37  SCV  
  38  3:44  Supply Depot  
  38  3:47  Marine, SCV  
  40  3:50  Marine, SCV  
  40  3:51  Marine  
  43  4:00  SCV  
  43  4:02  SCV  
  45  4:07  Medivac x2  
  48  4:10  Marine x2  
  48  4:11  Supply Depot  
  48  4:13  Marine  
  48  4:14  SCV x2  
  53  4:20  Engineering Bay  
  53  4:26  SCV  
  54  4:32  Marine x3  
  54  4:33  SCV  
  54  4:34  Engineering Bay  
  54  4:35  Supply Depot  
  58  4:42  SCV  
  58  4:45  SCV, Medivac  
  62  4:46  Supply Depot  
  62  4:57  SCV x2  
  62  4:59  Marine x3  
  67  5:00  Terran Infantry Weapons Level 1  
  67  5:01  Terran Infantry Armor Level 1  
  67  5:05  Supply Depot  
  67  5:09  SCV  
  67  5:11  Combat Shields  
  68  5:21  SCV  
  69  5:23  Marine x3  
  72  5:31  SCV  
  72  5:33  SCV  
  73  5:38  Refinery  
  73  5:39  Command Center, Refinery  
  73  5:41  Marine x3  
  76  5:45  Barracks  
  76  5:47  Barracks  
  76  5:50  SCV x2  
  74  6:03  Marine  
  74  6:04  Marine x2  
  73  6:05  Factory Reactor, SCV  
  73  6:06  Medivac x2  
  79  6:14  SCV  
  79  6:16  Armory  
  79  6:17  SCV  
  81  6:21  Marine x3, Barracks  
  84  6:26  SCV  
  84  6:33  Liberator  
  84  6:39  Marine x2  
  86  6:44  Supply Depot, Barracks Reactor x2  
  86  6:45  Supply Depot  
  86  6:50  Marine, Widow Mine x2  
  94  6:54  SCV  
  94  6:55  SCV  
  94  6:58  Marine x2  
  98  7:03  Bunker  
  98  7:08  Marine  
  98  7:09  Barracks  
  98  7:10  Barracks  
  98  7:12  Barracks  
  98  7:15  Barracks Reactor  
  99  7:17  Terran Infantry Armor Level 2, Terran Infantry Weapons Level 2, SCV  
  99  7:19  Orbital Command  
  100  7:26  Marine, Liberator  
  100  7:27  Marauder, Marine x3  
  105  7:31  SCV  
  105  7:34  Marine x2, SCV  
  109  7:42  Widow Mine  
  109  7:43  Widow Mine, SCV  
  117  7:50  Supply Depot  
  117  7:53  Supply Depot, Marine, SCV  
  117  7:54  Marine  
  117  8:12  Marauder  
  119  8:15  Barracks Tech Lab x2, Barracks Reactor  
  119  8:16  Supply Depot x2  
  119  8:17  Supply Depot, SCV  
  119  8:19  SCV x2  
  122  8:24  Marine x6  
  122  8:25  Marine x2  
  130  8:29  SCV  
  130  8:33  Supply Depot  
  130  8:34  Marauder  
  133  8:35  Supply Depot  
  133  8:42  Marine x2  
  133  8:47  Marauder, Marine x7  
  133  8:55  Marine  
  120  8:57  Widow Mine x2  
  120  8:59  Marine, Medivac x2  
  120  9:00  Marine x3  
  127  9:04  Marine  
  127  9:05  Marine x2  
  127  9:06  Marauder  
  127  9:08  Refinery  
  127  9:09  Supply Depot, Refinery  
  132  9:10  Command Center  
  132  9:11  Marine  
  132  9:12  Marauder, Marine x3  
  135  9:17  Marine x3  
  135  9:18  Marine  
  135  9:22  Marine x2  
Show
View Real Time Build Order
Export as new Build Order

SaitoAsuka Zerg 

Build Orders: Hatch First 

Get SALT Encoding   

  12  0:02  Drone  
  13  0:13  Overlord  
  13  0:19  Drone  
  14  0:32  Drone x2  
  14  0:35  Drone  
  17  0:56  Hatchery  
  16  0:57  Drone  
  16  1:01  Drone  
  16  1:03  Extractor  
  17  1:18  Spawning Pool  
  16  1:20  Drone  
  17  1:29  Drone x2  
  19  1:42  Overlord  
  19  2:04  Zergling x2  
  19  2:07  Zergling x2, Queen  
  19  2:08  Metabolic Boost  
  23  2:11  Queen  
  25  2:16  Drone  
  25  2:18  Drone  
  25  2:22  Drone  
  28  2:28  Spore Crawler  
  28  2:37  Drone  
  28  2:38  Drone  
  28  2:40  Drone  
  28  2:41  Drone  
  32  2:44  Overlord  
  32  2:50  Queen  
  34  2:57  Drone x2  
  36  3:05  Evolution Chamber  
  35  3:10  Drone x2  
  37  3:15  Drone  
  37  3:17  Overlord  
  38  3:24  Overlord  
  38  3:31  Zerg Ground Armor Level 1  
  38  3:35  Queen  
  40  3:45  Drone  
  40  3:47  Drone x3  
  44  3:51  Hatchery  
  43  3:57  Queen  
  45  4:05  Drone x3  
  45  4:09  Evolution Chamber  
  47  4:13  Drone  
  48  4:19  Drone x4  
  48  4:22  Overlord  
  52  4:30  Spore Crawler  
  51  4:36  Zerg Melee Weapons Level 1  
  51  4:38  Overlord  
  51  4:40  Queen x2  
  51  4:42  Zergling x6  
  58  4:48  Zergling x4  
  60  4:55  Overlord x2, Baneling Nest  
  60  4:58  Zergling x2  
  60  5:04  Zergling x6  
  60  5:05  Zergling x2  
  64  5:09  Overlord  
  64  5:12  Zergling x4  
  66  5:16  Zergling x6  
  69  5:21  Extractor  
  67  5:31  Drone x5  
  67  5:32  Queen, Drone  
  74  5:37  Lair  
  74  5:47  Drone x2  
  74  5:49  Extractor  
  71  5:59  Drone x4  
  69  6:17  Drone  
  69  6:18  Drone x5  
  75  6:25  Drone x3  
  75  6:38  Zergling x2  
  75  6:39  Zergling x20, Hatchery  
  84  6:41  Zerg Melee Weapons Level 2  
  84  6:48  Centrifical Hooks  
  84  6:56  Zergling x4  
  84  6:57  Zergling x4  
  88  7:02  Hatchery  
  87  7:11  Zergling x4  
  87  7:12  Overlord  
  87  7:13  Overlord, Zerg Ground Armor Level 2  
  89  7:20  Spine Crawler, Extractor  
  87  7:23  Drone x2  
  81  7:45  Hatchery  
  81  7:46  Zergling x2  
  81  7:47  Zergling x16  
  88  7:56  Drone x3  
  88  7:57  Zergling x2  
  88  7:58  Zergling x10, Overlord x2  
  95  8:04  Zergling x4  
  97  8:10  Baneling x5  
  97  8:11  Baneling x4  
  97  8:12  Zergling x2  
  98  8:13  Zergling x10  
  103  8:26  Zergling x2  
  91  8:28  Zergling x8  
  91  8:29  Zergling x10  
  99  8:38  Zergling x4  
  93  8:45  Zergling x2  
  93  8:46  Zergling x10  
  70  8:50  Zergling x2  
  70  8:51  Zergling x10  
  62  8:58  Drone x3  
  62  8:59  Drone  
  63  9:05  Drone x2  
  63  9:06  Drone x2  
  67  9:15  Baneling x8  
  67  9:16  Baneling x5  
  66  9:19  Overseer  
  66  9:21  Drone x2  
  66  9:27  Baneling x9  
Tags
 
Add a new tag
Caveats
  • Supply blocks, unpowered buildings, or Contaminate may cause inaccurate times.
  • Supply counts are checked every 10 seconds.